 Dungeon Crawl Stone Soup version 0.29.1-15-g9cfb28693d (webtiles) character file.

Game seed: 3875348757279754450

4660 javelincjr the Schismatic (level 10, -2/82 HPs)
             Began as a Demonspawn Abyssal Knight on Mar 22, 2023.
             Was an Elder of Lugonu.
             Slain by a two-headed ogre
             ... wielding a +0 giant club
              (17 damage)
             ... on level 9 of the Dungeon.
             The game lasted 00:29:33 (10211 turns).

javelincjr the Schismatic (DsAK)                   Turns: 10211, Time: 00:29:34

Health: -2/82      AC: 16    Str: 19 (20) XL:     10   Next: 20%
Magic:  0/17       EV: 11    Int:  9 (12) God:    Lugonu [****..]
Gold:   635        SH:  0    Dex: 12 (13) Spells: 9/9 levels left

rFire   + . .      SeeInvis .   q - +4 club (spect)
rCold   . . .      Faith    .   (no shield)
rNeg    + . .      Spirit   +   d - +0 fire dragon scales
rPois   .          Reflect  .   (no helmet)
rElec   .          Harm     .   y - +2 cloak
rCorr   .          Rampage  .   (no gloves)
Will    .....                   J - +0 pair of boots
Stlth   ..........              G - amulet of guardian spirit
HPRegen 1.03/turn               o - ring of ice
MPRegen 0.15/turn               b - ring of positive energy

@: no status effects
A: hooves 1, powered by death 1, sharp scales 2, regeneration 1, strong 1, wild
magic 1
a: Renounce Religion, Depart the Abyss, Bend Space, Banish, Corrupt


You were on level 9 of the Dungeon.
You worshipped Lugonu.
Lugonu was greatly pleased with you.
You visited 2 branches of the dungeon, and saw 10 of its levels.
You visited the Abyss 1 time.
You also visited: Sewer.

You collected 635 gold pieces.

Inventory:

Hand Weapons
 f - a +3 quarterstaff of chaos
 q - a +4 spectral club (weapon)
 K - a +1 vorpal battleaxe
 N - a +5 dagger
Missiles
 w - 8 boomerangs (quivered)
 A - 31 poisoned darts
Armour
 d - +0 fire dragon scales (worn)
 y - a +2 cloak (worn)
 J - a +0 pair of boots (worn)
 O - +0 acid dragon scales
 Q - a +2 scale mail of willpower
Magical Staves
 r - a staff of cold
Jewellery
 b - a ring of positive energy (right hand)
 o - a ring of ice (left hand)
 G - an amulet of guardian spirit (around neck)
 R - a ring of protection from fire
Wands
 a - a wand of paralysis (7)
 p - a wand of flame (38)
 u - a wand of digging (9)
 E - a wand of acid (16)
 L - a wand of iceblast (10)
Scrolls
 g - a scroll of noise {unknown}
 h - 2 scrolls of teleportation
 i - a scroll of silence
 l - a scroll of summoning {unknown}
 x - a scroll of butterflies
 z - 2 scrolls of poison
 D - 2 scrolls of blinking
 F - 2 scrolls of amnesia
 H - a scroll of acquirement {unknown}
 I - a scroll of brand weapon {unknown}
Potions
 c - 2 potions of flight
 e - 5 potions of curing
 j - a potion of degeneration
 k - 2 potions of resistance {unknown}
 m - 3 potions of mutation
 n - a potion of might {unknown}
 s - 3 potions of brilliance
 t - 2 potions of lignification {unknown}
 v - a potion of haste
 B - a potion of heal wounds {unknown}
 C - a potion of invisibility {unknown}


   Skills:
 * Level 8.6 Fighting
 + Level 5.4 Polearms
 + Level 5.5 Armour
 + Level 5.2 Dodging
 * Level 10.6 Invocations


You had 9 spell levels left.
You didn't know any spells.
Your spell library contained the following spells:

 Spells                   Type           Power      Damage    Failure   Level
 Leda's Liquefaction      Hex/Erth       0%         N/A       100%        4
 Petrify                  Tmut/Erth      0%         N/A       100%        4
 Blade Hands              Tmut           0%         N/A       100%        5
 Irradiate                Conj/Tmut      0%         3d11      100%        5
 Lee's Rapid Deconstruct  Erth           0%         3d5*      100%        5
 Metabolic Englaciation   Hex/Ice        0%         N/A       100%        5
 Statue Form              Tmut/Erth      0%         N/A       100%        6
 Dragon Form              Tmut           0%         N/A       100%        7


Dungeon Overview and Level Annotations

Branches:
Dungeon (9/15)             Temple (1/1) D:5           Sewer (visited)
   Lair: D:8-11         Orc: D:9-12

Altars:
Ashenzari
Cheibriados
Dithmenos
Fedhas
Gozag
Hepliaklqana
Kikubaaqudgha
Nemelex Xobeh
Okawaru
Qazlal
Ru
Sif Muna
Trog
Uskayaw
Vehumet
Wu Jian
Xom
Yredelemnul

Shops:
D:1 :((??   D:6 (   D:8 *


Innate Abilities, Weirdness & Mutations

You have large cloven feet.
You regenerate a little health from kills.
You are mostly covered in razor-sharp scales. (AC +2, Slay +2)
Your natural rate of healing is unusually fast.
Your muscles are strong. (Str +4, Int/Dex -1)
Your spells are a little harder to cast, but a little more powerful.


Message History

Throw: 8 boomerangs
Press: ? - help, Q - select action, (/) - cycle Shift-Dir - straight line, f - two-headed ogre
Aim: a two-headed ogre, wielding a +0 giant club and a +0 giant spiked club (77% to hit)
You throw a boomerang. The boomerang hits the two-headed ogre.
The two-headed ogre is lightly wounded.
Throw: 8 boomerangs
Press: ? - help, Q - select action, (/) - cycle Shift-Dir - straight line, f/p - two-headed ogre
Aim: a two-headed ogre, wielding a +0 giant club and a +0 giant spiked club (77% to hit)
You throw a boomerang. The boomerang hits the two-headed ogre.
The two-headed ogre is lightly wounded.
You barely miss the two-headed ogre.
The two-headed ogre is lightly wounded.
Your +4 spectral club hits the two-headed ogre.
The two-headed ogre hits you with a +0 giant club!!
The two-headed ogre hits you with a +0 giant spiked club!
You barely miss the two-headed ogre.
The two-headed ogre is lightly wounded.
Your +4 spectral club hits the two-headed ogre.
The two-headed ogre barely misses you. The two-headed ogre closely misses you.
You hit the two-headed ogre.
The two-headed ogre is moderately wounded.
Your +4 spectral club hits the two-headed ogre.
The two-headed ogre hits you with a +0 giant club.
The two-headed ogre hits you with a +0 giant spiked club!!
You are too injured to fight recklessly!
You are too injured to fight recklessly!
You are too injured to fight recklessly!
You sock the two-headed ogre!
The two-headed ogre is severely wounded.
Your +4 spectral club hits the two-headed ogre!
The two-headed ogre hits you with a +0 giant club!!
The two-headed ogre barely misses you.
You hit the two-headed ogre.
The two-headed ogre is almost dead.
Your +4 spectral club hits the two-headed ogre.
Your +4 spectral club fades away.
The two-headed ogre hits you with a +0 giant club!
* * * LOW HITPOINT WARNING * * *
The two-headed ogre hits you with a +0 giant spiked club!!
You die...

##### #...#####
#........ #...#####
##..# #
..###############..#
#
#..................#
#
#......@...........#
#
#.#.#.O####.##.##.##
# #... #.##.##.# #
##<. #.##.##.# ...
#.##.##.# .#..
#..#.##.# #.#..
#..#.##.# # #..
#..#.# #..#.#


You could see a two-headed ogre.

Vanquished Creatures
  A two-headed ogre (D:9)
  Pikel (D:8)
  Joseph (D:7)
  Grinder (Sewer)
  A wyvern (D:8)
  Menkaure (D:7)
  A steam dragon (D:8)
  An acid dragon (D:8)
  A water moccasin (D:8)
  2 orc warriors
  An ice beast (D:6)
  A sky beast (D:8)
  2 black bears
  A phantom (D:5)
  A lemure (D:8)
  2 kobold brigands
  2 necrophages
  3 bullfrogs (D:8)
  A gnoll sergeant (D:8)
  5 scorpions
  9 wights
  2 howler monkeys (D:6)
  Crazy Yiuf (D:6)
  2 orc priests (D:7)
  A hound (D:7)
  A jelly (D:7)
  3 iguanas
  Jessica (D:2)
  2 orc wizards
  7 gnolls
  6 adders
  5 shadow imps (Sewer)
  2 white imps
  An ufetubus (Sewer)
  3 worms
  14 orcs
  5 bats
  5 endoplasms
  5 giant cockroaches
  3 goblins
  7 hobgoblins
  21 kobolds
  12 ball pythons
  2 frilled lizards
  A kobold zombie (Sewer)
  9 rats
160 creatures vanquished.

Vanquished Creatures (others)
  2 fungi (D:7)
  10 plants (D:6)
12 creatures vanquished.

Grand Total: 172 creatures vanquished

Notes
Turn   | Place    | Note
-------+----------+-------------------------------------------
     0 | Abyss:1  | javelincjr the Demonspawn Abyssal Knight began the quest
                  | for the Orb.
     0 | Abyss:1  | Reached XP level 1. HP: 18/18 MP: 2/2
    28 | Abyss:1  | Noticed a quasit
    35 | Abyss:1  | Noticed a small abomination
    46 | D:1      | Escaped the Abyss
    78 | D:1      | Found Huqotwu's Magic Scroll Shop.
   215 | D:1      | Found Qeitagge's Antique Weapon Emporium.
   222 | D:1      | Reached skill level 1 in Dodging
   389 | D:1      | Found Qianenl Woom's Antique Weapon Shop.
   486 | D:1      | Gained mutation: You regenerate a little health from kills.
                  | [demonic ancestry]
   486 | D:1      | Reached XP level 2. HP: 21/24 MP: 4/4
   650 | D:1      | Found Hyecumm's Book Boutique.
   792 | D:1      | Reached ** piety under Lugonu
   814 | D:1      | Found a faded altar of an unknown god.
   870 | D:1      | Found Sunife's Magic Scroll Emporium.
  1115 | D:2      | Reached skill level 3 in Invocations
  1220 | D:2      | Gained mutation: You are partially covered in razor-sharp
                  | scales. (AC +1, Slay +1) [demonic ancestry]
  1220 | D:2      | Reached XP level 3. HP: 29/29 MP: 5/5
  1569 | D:2      | Noticed Jessica
  1584 | D:2      | Killed Jessica
  2208 | D:3      | Gained mutation: You are mostly covered in razor-sharp
                  | scales. (AC +2, Slay +2) [demonic ancestry]
  2208 | D:3      | Reached XP level 4. HP: 35/35 MP: 6/6
  2367 | D:3      | Found an opulent altar of Gozag.
  2783 | D:3      | Reached skill level 4 in Invocations
  2784 | D:3      | Found a glowing drain.
  2793 | Sewer    | Entered a sewer
  2812 | Sewer    | Reached XP level 5. HP: 42/42 MP: 8/8
  2920 | Sewer    | Found an ancient bone altar of Kikubaaqudgha.
  2956 | Sewer    | Reached *** piety under Lugonu
  2976 | Sewer    | Reached XP level 6. HP: 44/49 MP: 9/9
  2987 | Sewer    | Reached skill level 5 in Invocations
  3076 | Sewer    | Noticed Grinder
  3082 | Sewer    | Paralysed by Grinder for 2 turns
  3086 | Sewer    | Killed Grinder
  3087 | Sewer    | Reached skill level 5 in Fighting
  3087 | Sewer    | Gained mutation: You have large cloven feet. [demonic
                  | ancestry]
  3087 | Sewer    | Reached XP level 7. HP: 31/56 MP: 9/11
  4182 | D:5      | Entered Level 5 of the Dungeon
  4221 | D:5      | Reached skill level 6 in Invocations
  4430 | D:5      | Found a basalt altar of Yredelemnul.
  4576 | D:5      | Found a staircase to the Ecumenical Temple.
  4585 | D:5      | Reached **** piety under Lugonu
  4589 | Temple   | Entered the Ecumenical Temple
  5467 | D:5      | Found a shimmering altar of Xom.
  5537 | D:6      | Reached XP level 8. HP: 61/64 MP: 11/13
  5568 | D:6      | Reached skill level 7 in Invocations
  5937 | D:6      | Found a bloodstained altar of Trog.
  6122 | D:6      | Found a snail-covered altar of Cheibriados.
  6172 | D:6      | Reached skill level 8 in Invocations
  6331 | D:6      | Found a blossoming altar of Fedhas.
  6411 | D:6      | Found a sacrificial altar of Ru.
  6474 | D:6      | Found Waxapn Sisk's Weapon Emporium.
  6570 | D:6      | Found a runed translucent door.
  6571 | D:6      | Noticed Crazy Yiuf
  6584 | D:6      | Killed Crazy Yiuf
  6805 | D:7      | Found a shadowy altar of Dithmenos.
  6964 | D:7      | Noticed Menkaure
  6971 | D:7      | Killed Menkaure
  6972 | D:7      | Reached XP level 9. HP: 71/71 MP: 15/15
  7074 | D:7      | Found a broken altar of Ashenzari.
  7604 | D:7      | Found a sparkling altar of Nemelex Xobeh.
  7750 | D:7      | Noticed Joseph
  7761 | D:7      | Killed Joseph
  7762 | D:7      | Reached skill level 9 in Invocations
  8121 | D:8      | Found Futwaim's Mayhem Merchandise.
  8445 | D:8      | Found a hazy altar of Hepliaklqana.
  8518 | D:8      | Reached skill level 5 in Armour
  8651 | D:8      | Found a radiant altar of Vehumet.
  9178 | D:8      | Noticed Pikel
  9194 | D:8      | Killed Pikel
  9195 | D:8      | Reached skill level 5 in Polearms
  9195 | D:8      | Reached skill level 10 in Invocations
  9472 | D:8      | Reached skill level 5 in Dodging
  9472 | D:8      | Reached XP level 10. HP: 76/81 MP: 17/17
  9601 | D:9      | Noticed a two-headed ogre
  9617 | D:9      | HP: 3/81 [two-headed ogre/+0 dire flail (19)]
 10062 | D:9      | Gained mutation: Your muscles are strong. (Str +4, Int/Dex
                  | -1) [potion of mutation]
 10062 | D:9      | Gained mutation: Your spells are a little harder to cast,
                  | but a little more powerful. [potion of mutation]
 10062 | D:9      | Gained mutation: Your natural rate of healing is unusually
                  | fast. [potion of mutation]
 10088 | D:9      | Killed a two-headed ogre
 10204 | D:9      | Noticed a two-headed ogre
 10211 | D:9      | Slain by a two-headed ogre

Illustrated notes

Levels and vault maps discovered:
D:1:      minmay_arrival_three_doors, layout_basic,
          hellmonk_ecumenical_altar_defaced_shrine, serial_shops,
          nicolae_lakefront_shop, shop, nicolae_shop_waterfront,
          nicolae_shop_overgrown_old_shop, nicolae_shop_waterfront
D:2:      layout_basic, uniq_jessica
D:3:      layout_basic, nicolae_gozag_cash_rules_everything_around_me,
          cheibrodos_sewer_entry_sluice
D:4:      layout_cave_pools, nicolae_overflow_crystal_walls,
          mainiacjoe_overflow_small_starburst, minmay_circle_x
D:5:      layout_layer_cave, lemuel_tele_altar, old_standard_altar,
          minmay_temple_entry_statues_fountains
D:6:      wander_river, layout_cave_pools, nicolae_elyvilon_temple_path,
          cheibriados_altar_1, mainiacjoe_overflow_24_doors, old_standard_altar,
          trog_ov_bears_minmay, serial_shops, shop_fountains,
          uniq_crazy_yiuf_cottage
D:7:      layout_layer_cave, nemelex_spade_bored_becter, amcnicky_altar_gilded,
          mainiacjoe_overflow_tiny_flanked, uniq_joseph, uniq_menkaure
D:8:      layout_loops_corners, mainiacjoe_overflow_big_doors,
          minmay_shop_mayhem, uniq_pikel
D:9:      layout_loops_ring, bloody_makhleb, minivault_26
Temple:   nicolae_temple_bog_church

Skill      XL: |  1  2  3  4  5  6  7  8  9 |
---------------+----------------------------+-----
Dodging        | 1 2 3 4 5 |  5.2
Polearms       | 2 3 4 5 |  5.4
Armour         | 2 3 4 5 |  5.5
Invocations    | 3 4 5 6 8 10 | 10.6
Fighting       | 4 5 6 8 |  8.6

Action                   |  1- 3 |  4- 6 |  7- 9 | 10-12 || total
-------------------------+-------+-------+-------+-------++-------
Melee: Spear             |    95 |       |       |       ||    95
       Club              |     4 |   111 |   270 |    37 ||   422
       Kick              |       |       |    11 |       ||    11
       Punch             |       |       |     3 |     1 ||     4
Throw: Boomerang         |       |    19 |     4 |     5 ||    28
Invok: Depart the Abyss  |     1 |       |       |       ||     1
       Bend Space        |       |       |     1 |       ||     1
  Use: Scroll            |       |     5 |     5 |     5 ||    15
       Potion            |       |     1 |     1 |     4 ||     6
 Stab: Distracted        |       |     1 |     4 |       ||     5
       Invisible         |       |       |     1 |       ||     1
Armor: Leather armour    |     3 |       |       |       ||     3
       Fire dragon scale |    26 |    68 |   171 |    15 ||   280
Dodge: Dodged            |    33 |    50 |   143 |    20 ||   246
